 Dungeon Crawl Stone Soup version 0.31-a0-1009-g454b1f1e0a (webtiles) character file.

Game seed: 11182750900272511566

643 ChronoRanger the Firebug (level 7, -4/36 HPs)
             Began as a Deep Elf Fire Elementalist on Nov 14, 2023.
             Slain by a gnoll bouda
             ... wielding a +0 whip
              (9 damage)
             ... on level 5 of the Dungeon.
             The game lasted 00:12:42 (5008 turns).

ChronoRanger the Firebug (DEFE)                     Turns: 5008, Time: 00:12:43

Health: -4/36      AC:  4    Str:  5    XL:     7   Next: 26%
Magic:  11/17      EV: 12    Int: 22    God:
Gold:   273        SH:  5    Dex: 15    Spells: 7/17 levels left

rFire   + . .        d - +0 dagger
rCold   . . .        (no shield)
rNeg    . . .        a - +1 robe
rPois   .            (no helmet)
rElec   .            o - scarf {+Inv}
rCorr   .            p - +0 pair of gloves
SInv    .            (no boots)
Will    .....        u - amulet of reflection
Stlth   ++           r - ring of protection from fire
HPRegen 0.26/turn    (no ring)
MPRegen 0.15/turn

%: reflection
@: no status effects
A: no striking features
a: Evoke Invisibility


You were on level 5 of the Dungeon.
You visited 1 branch of the dungeon, and saw 5 of its levels.
You also visited: Ossuary.

You collected 273 gold pieces.

Inventory:

Hand Weapons
 d - a +0 dagger (weapon)
 g - a +0 whip
Armour
 a - a +1 robe (worn)
 o - a scarf of invisibility (worn)
 p - a +0 pair of gloves (worn)
Jewellery
 r - a ring of protection from fire (left hand)
 u - an amulet of reflection (around neck)
Wands
 h - a wand of polymorph (12)
Scrolls
 j - 5 scrolls of teleportation
 m - a scroll of fear {unknown}
 q - a scroll of enchant armour
 s - 3 scrolls of immolation {unknown}
Potions
 b - a potion of magic
 c - 3 potions of curing
 e - 2 potions of lignification
 f - 3 potions of enlightenment
 i - a potion of brilliance {unknown}
 k - 2 potions of haste {unknown}
 l - 3 potions of might
 n - 2 potions of heal wounds {unknown}
 t - 2 potions of attraction {unknown}
 w - 2 potions of resistance {unknown}
 x - a potion of degeneration {unknown}


   Skills:
 - Level 2.4 Dodging
 - Level 2.4 Stealth
 + Level 5.7 Spellcasting
 + Level 4.1 Conjurations
 + Level 2.0 Transmutations
 * Level 6.8 Fire Magic


You had 7 spell levels left.
You knew the following spells:

 Your Spells              Type           Power      Damage    Failure   Level
a - Foxfire               Conj/Fire      100%       2x1d9     1%          1
b - Scorch                Fire           72%        2d8       1%          2
c - Flame Wave            Conj/Fire      30%        2d9       10%         4
d - Ignite Poison         Fire/Tmut/Pois 19%        N/A       9%          3

Your spell library contained the following spells:

 Spells                   Type           Power      Damage    Failure   Level
 Inner Flame              Hex/Fire       21%        N/A       7%          3
 Volatile Blastmotes      Fire/Tloc      42%        2d13      7%          3
 Apportation              Tloc           12%        N/A       10%         1
 Necrotise                Necr           24%        1d5       10%         1
 Summon Small Mammal      Summ           24%        N/A       10%         1
 Sticky Flame             Conj/Fire      30%        2d5       10%         4
 Ignition                 Fire           18%        3d7       100%        8


Dungeon Overview and Level Annotations

Branches:
Dungeon (5/15)            Ossuary (visited)
 Temple: D:4-7

Altars:
Cheibriados
Kikubaaqudgha
Qazlal
Yredelemnul

Shops:
D:3 =


Message History

You conjure some foxfire!
The gnoll shouts! x2; You hear a shout!
A gnoll bouda comes into view. It is wielding a +0 whip.
A gnoll comes into view. It is wielding a +0 club.
The foxfire hits the gnoll.
The gnoll is heavily wounded.
The gnoll bouda gazes fiercely through you!
You feel your attacks grow feeble.
Casting: Foxfire (safe; 1% risk of failure)
Confirm with . or Enter, or press ? or * to list all spells.
Flames lash the gnoll.
You kill the gnoll!
Casting: Scorch (safe; 1% risk of failure)
Confirm with . or Enter, or press ? or * to list all spells.
You conjure some foxfire!
The gnoll barely misses you.
The gnoll bouda barks out a call to the hunt!
The gnolls pick up the pace!
Your attacks no longer feel as feeble.
The foxfire hits the gnoll but does no damage.
Your foxfire dissipates!
The gnoll hits you from afar with a +0 halberd!
The gnoll hits you with a +0 club.
Casting: Foxfire (safe; 1% risk of failure)
Confirm with . or Enter, or press ? or * to list all spells.
You conjure some foxfire!
The gnoll closely misses you.
The foxfire hits the gnoll.
The gnoll is heavily wounded.
The gnoll hits you from afar with a +0 halberd.
Casting: Foxfire (safe; 1% risk of failure)
Confirm with . or Enter, or press ? or * to list all spells.
Flames lash the gnoll bouda.
The gnoll bouda is moderately wounded.
The gnoll bouda's fire resistance burns away.
Your foxfire dissipates!
The gnoll hits you from afar with a +0 halberd!
* * * LOW HITPOINT WARNING * * *
The gnoll bouda closely misses you. The gnoll hits you with a +0 club.
* * * LOW HITPOINT WARNING * * *
The gnoll bouda hits you with a +0 whip!
You die...

................................
#######.########################
#.############ #..........
#............# #..........
############.# #######...# #.#
........... #.# ########.##
.#########.#.########..#
......g@.ยงยง.......)).>..
......g###.#.########..# .(...)g
#.#.# #...... ....... #.# #
#...... ....... #.#.#####......
....... #.#............ .......
#.#............ #......
#.#............ #............


You could see a gnoll bouda (combustible) and 2 gnolls.

Vanquished Creatures
  3 water moccasin zombies (Ossuary)
  2 hounds (D:5)
  3 jellies (D:4)
  An orc priest (D:5)
  Jessica (D:2)
  An orc wizard (D:5)
  2 mummies (Ossuary)
  2 gnolls
  7 adders
  A shadow imp (D:4)
  3 adder zombies (Ossuary)
  A worm (D:3)
  4 dart slugs
  6 orcs
  12 ball pythons
  7 bats
  8 endoplasms
  4 giant cockroaches
  6 goblins
  8 hobgoblins
  5 jackals (D:4)
  4 kobolds
  4 quokkas
  A frilled lizard (D:2)
  4 gnoll zombies (Ossuary)
  6 hobgoblin zombies (Ossuary)
  6 kobold zombies (Ossuary)
  7 orc zombies
  7 rats
126 creatures vanquished.

Vanquished Creatures (collateral kills)
  A foxfire (Ossuary)
1 creature vanquished.

Vanquished Creatures (others)
  342 foxfires
342 creatures vanquished.

Grand Total: 469 creatures vanquished

Notes
Turn   | Place    | Note
-------+----------+-------------------------------------------
     0 | D:1      | ChronoRanger the Deep Elf Fire Elementalist began the quest
                  | for the Orb.
     0 | D:1      | Reached XP level 1. HP: 10/10 MP: 6/6
   149 | D:1      | Reached XP level 2. HP: 15/15 MP: 5/8
   177 | D:1      | Learned a level 2 spell: Scorch
   638 | D:1      | Reached skill level 4 in Fire Magic
  1150 | D:2      | Noticed Jessica
  1155 | D:2      | Killed Jessica
  1156 | D:2      | Reached XP level 3. HP: 19/19 MP: 5/10
  1338 | D:2      | Reached XP level 4. HP: 24/24 MP: 9/11
  1362 | D:2      | Learned a level 4 spell: Flame Wave
  2425 | D:3      | Found Xos Por's Jewellery Shoppe.
  2625 | D:3      | Reached skill level 5 in Fire Magic
  2675 | D:3      | Found an ancient bone altar of Kikubaaqudgha.
  2677 | D:3      | Found a snail-covered altar of Cheibriados.
  2873 | D:3      | Found a basalt altar of Yredelemnul.
  3212 | D:4      | Reached XP level 5. HP: 28/28 MP: 10/13
  3308 | D:4      | Learned a level 3 spell: Ignite Poison
  3567 | D:4      | Found a stormy altar of Qazlal.
  3798 | D:4      | Reached XP level 6. HP: 32/32 MP: 10/15
  3980 | D:5      | Entered Level 5 of the Dungeon
  3994 | D:5      | Found a sand-covered staircase.
  4007 | D:5      | Reached skill level 5 in Spellcasting
  4009 | D:5      | Reached skill level 6 in Fire Magic
  4018 | Ossuary  | Entered an ossuary
  4103 | Ossuary  | Reached skill level 1 in Transmutations
  4398 | Ossuary  | Reached XP level 7. HP: 36/36 MP: 13/17
  5008 | D:5      | Slain by a gnoll bouda

Illustrated notes

Levels and vault maps discovered:
D:1:      scummos_arrival_simple_fountains, layout_basic, minmay_3d_cube
D:2:      layout_basic, minmay_box_of_dots, uniq_jessica
D:3:      layout_loops_ring, jmf_multi_god_temple, lemuel_doored_altar,
          serial_shops, shop, corexii_shack, minmay_misc_feat_x
D:4:      layout_cave_pools, mainiacjoe_overflow_surrounded_room
D:5:      layout_basic, minmay_temple_entry_stoned_glass, enter_ossuary_3,
          minmay_fractal_squares_gapless_5, uniq_ijyb

Skill      XL: |  1  2  3  4  5  6  7 |
---------------+----------------------+-----
Fire Magic     | 4 5 6 |  6.8
Conjurations   | 2 3 4 |  4.1
Spellcasting   | 4 5 |  5.7
Transmutations | 1 2 |  2.0
Dodging        | |  2.4
Stealth        | |  2.4

Action                     |  1- 3 |  4- 6 |  7- 9 || total
---------------------------+-------+-------+-------++-------
   Cast: Foxfire           |    56 |   124 |    28 ||   208
         Scorch            |     4 |    18 |    11 ||    33
    Use: Scroll            |     2 |     4 |     2 ||     8
 Armour: Robe              |     7 |    41 |    22 ||    70
  Dodge: Dodged            |     2 |    44 |    26 ||    72
  Block: Other             |       |       |     7 ||     7

Table legend: (Time is in decaauts)
 A = Elapsed time spent in this place.
 B = Non-inter-level travel time spent in this place.
 C = Inter-level travel time spent in this place.
 D = Time resting spent in this place.
 E = Time spent auto-exploring this place.
 F = Levels seen in this place.
 G = Mean time per level.
                   A        B        C        D        E       F      G
               +--------+--------+--------+--------+--------+-----+--------+
         Total |   5004 |   4849 |    155 |      0 |   4035 |   6 |  834.0 |
       Dungeon |   4348 |   4193 |    155 |      0 |   3537 |   5 |  869.6 |
       Ossuary |    656 |    656 |      0 |      0 |    498 |   1 |  656.0 |
               +--------+--------+--------+--------+--------+-----+--------+

Top non-repeatable levels by time:
     D:2: 1202 daAuts
     D:1: 1055 daAuts
     D:3: 947 daAuts
     D:4: 772 daAuts
 Ossuary: 656 daAuts
     D:5: 370 daAuts
